AoeStats
← kkingka

Coastal Forest

503373564Analyzed
2v2 RM · 1mo ago on Aug 31, 2026· 60m 58s· 4 players
Game mode
Random Map
Map size
Medium (4 player)
Population
200
Speed
Normal
Resources
Standard
Victory
Conquest
Starting age
Dark Age
Ending age
Imperial Age
RankedLock teamsTeams togetherTeam positionsShared explorationLock speedFull tech treeHidden civsTurbo modeCheats
Victory
Defeat
🇦🇺 Armenians · Australia
1443
+13
🇦🇺 Koreans · Australia
1344
+18
🇰🇷 Wei · South Korea
1401
-16
🇰🇷 Wu · South Korea
1364
-15
kkingka
8:01 Loom
10:11 Feudal Age
11:58 Man-at-Arms
13:31 Double-Bit Axe
14:51 Scale Mail Armor
19:17 Fletching
21:14 Horse Collar
26:02 Castle Age
28:18 Bodkin Arrow
28:40 Gold Mining
29:52 Wheelbarrow
30:39 Bow Saw
33:15 Red Cliffs Tactics
34:45 Padded Archer Armor
36:45 Stone Mining
37:22 Heavy Plow
39:49 Hand Cart
42:07 Gold Shaft Mining
42:05 Leather Archer Armor
41:37 Town Watch
46:16 Imperial Age
45:13 Squires
45:36 Ballistics
46:18 Elite Fire Archer
47:21 Bracer
48:22 Chemistry
48:06 Conscription
48:45 Sitting Tiger
50:01 Forging
49:56 Scale Barding Armor
50:07 Chain Mail Armor
49:56 Arson
52:18 Iron Casting
52:14 Plate Mail Armor
52:17 Town Patrol
56:26 Caravan
56:49 Pikeman
58:22 Halberdier
ahnimah
6:09 Loom
8:51 Feudal Age
10:26 Double-Bit Axe
13:23 Fletching
18:18 Horse Collar
25:25 Castle Age
24:44 Scale Barding Armor
24:35 Gold Mining
27:42 Husbandry
28:55 Forging
29:26 Bloodlines
35:01 Wheelbarrow
34:16 Town Watch
37:56 Heavy Plow
42:35 Imperial Age
40:35 Hand Cart
40:35 Bodkin Arrow
40:42 Padded Archer Armor
41:03 Bow Saw
42:11 Leather Archer Armor
42:20 Ballistics
43:37 Bracer
44:08 Ring Archer Armor
44:45 Chemistry
44:55 Parthian Tactics
45:50 Thumb Ring
47:28 Murder Holes
48:21 Elite Skirmisher
FC | MASH
10:00 Feudal Age
8:53 Loom
10:50 Man-at-Arms
13:09 Arson
13:11 Long Swordsman
15:10 Scale Mail Armor
19:16 Horse Collar
23:20 Wheelbarrow
22:33 Double-Bit Axe
31:47 Castle Age
29:32 Pikeman
30:30 Gold Mining
32:08 Forging
31:48 Halberdier
33:38 Squires
34:02 Bow Saw
34:30 Heavy Plow
36:17 Chain Mail Armor
36:38 Iron Casting
36:48 Hand Cart
38:35 Town Watch
39:29 Gold Shaft Mining
42:38 Imperial Age
40:04 Fletching
40:14 Padded Archer Armor
40:27 Masonry
40:37 Ballistics
40:46 Bodkin Arrow
41:41 Leather Archer Armor
42:55 Gambesons
43:37 Bracer
44:07 Ring Archer Armor
44:42 Chemistry
43:51 Capped Ram
45:38 Plate Mail Armor
44:31 Elite Composite Bowman
46:32 Blast Furnace
46:34 Conscription
46:51 Hoardings
48:13 Two-Handed Swordsman
51:17 Fereters
54:27 Champion
56:00 Elite Skirmisher
CoreLock
6:31 Loom
9:40 Feudal Age
13:19 Fletching
22:48 Double-Bit Axe
22:43 Horse Collar
30:23 Castle Age
28:53 Gold Mining
28:54 Stone Mining
31:41 Bodkin Arrow
33:36 Wheelbarrow
33:42 Masonry
34:42 Ballistics
34:44 Eupseong
35:08 Town Watch
39:49 Imperial Age
39:05 Bow Saw
38:56 Heavy Plow
39:32 Gold Shaft Mining
39:34 Stone Shaft Mining
43:07 Chemistry
41:52 Arrowslits
42:39 Architecture
42:21 Bracer
46:30 Two-Man Saw
45:03 Crossbowman
45:49 Thumb Ring
46:12 Arbalester
48:21 Elite Skirmisher
55:20 Light Cavalry
56:01 Husbandry
59:09 Hussar
60:36 Caravan
Connection lost

Rejoining the realm…

Still unreachable

The connection could not be restored.

Session expired

The server has moved on; the page needs a fresh start.